 Dungeon Crawl Stone Soup version 0.30-a0-939-gc8157cb160 (webtiles) character file.

Game seed: 2938045933297279006

37 ThatPearl the Grasshopper (level 3, 0/31 HPs)
             Began as an Armataur Warper on Mar 25, 2023.
             Killed from afar by Natasha (9 damage)
             ... with a magic dart
             ... on level 2 of the Dungeon.
             The game lasted 00:03:10 (1476 turns).

ThatPearl the Grasshopper (Armataur Warper)         Turns: 1476, Time: 00:03:11

Health: 0/31       AC:  4    Str: 22    XL:     3   Next: 23%
Magic:  5/5        EV:  9    Int: 15    God:
Gold:   59         SH:  0    Dex:  9    Spells: 0/5 levels left

rFire   . . .      SeeInvis .    a - +0 falchion
rCold   . . .      Faith    .    (no shield)
rNeg    . . .      Spirit   .    b - +0 leather armour
rPois   .          Reflect  .    (no helmet)
rElec   .          Roll     +    (no cloak)
rCorr   .                        (no gloves)
Will    .....                    (no barding)
Stlth   +                        (no amulet)
HPRegen 0.25/turn                s - +6 ring of strength
MPRegen 0.09/turn                (no ring)

@: slowed, very slow
A: large, rugged brown scales 3, deformed body, armoured tail, roll, long
tongue, awkward tongue
a: no special abilities


You were on level 2 of the Dungeon.
You visited 1 branch of the dungeon, and saw 2 of its levels.

You collected 59 gold pieces.

Inventory:

Hand Weapons
 a - a +0 falchion (weapon)
 p - a +1 short sword of speed
Missiles
 d - 7 boomerangs of dispersal (quivered)
Armour
 b - a +0 leather armour (worn)
Jewellery
 r - a ring of ice
 s - a +6 ring of strength (left hand)
Scrolls
 c - a scroll of blinking
 e - a scroll of noise {unknown}
 f - 2 scrolls of immolation {unknown}
 g - 4 scrolls of identify {unknown}
 h - a scroll of magic mapping {unknown}
 l - 3 scrolls of teleportation {unknown}
 m - 2 scrolls of vulnerability {unknown}
 n - a scroll of enchant armour {unknown}
 o - 2 scrolls of fear {unknown}
 q - a scroll of brand weapon {unknown}
Potions
 i - a potion of curing {unknown}
 j - a potion of brilliance {unknown}
 k - a potion of flight {unknown}


   Skills:
 - Level 1.7 Fighting
 + Level 2.6 Long Blades
 - Level 0.8 Throwing
 - Level 1.2 Armour
 - Level 1.3 Dodging
 - Level 1.7 Spellcasting
 + Level 3.7 Translocations


You couldn't memorise any spells.
You knew the following spells:

 Your Spells              Type           Power      Damage    Failure   Level
a - Blink                 Tloc           24%        N/A       9%          2
c - Vhi's Electric Charg  Tloc/Air       12%        N/A       36%         3

Your spell library contained the following spells:

 Spells                   Type           Power      Damage    Failure   Level
 Lesser Beckoning         Tloc           24%        N/A       9%          2
 Teleport Other           Tloc           12%        N/A       17%         3
 Manifold Assault         Tloc           12%        N/A       50%         4


Dungeon Overview and Level Annotations

Branches:
Dungeon (2/15)

Altars:

Annotations:
D:2 Natasha


Innate Abilities, Weirdness & Mutations

You are completely covered in rugged brown scales. (AC +3, +7% HP)
Armour fits poorly on your strangely shaped body.
You have a long armoured tail.
You roll when moving toward enemies. (Rampage)
Your long tongue fully drains potion bottles. (2x potion effects)
Your tongue gives you trouble enunciating. (1.5x scroll delay)


Message History

The bat zombie hits you but does no damage. x2
The bat zombie closely misses you.
You closely miss the bat zombie.
The bat zombie is severely damaged.
The bat zombie hits you but does no damage. x3
You hit the bat zombie but do no damage.
The bat zombie is severely damaged.
The bat zombie hits you but does no damage.
The bat zombie hits you. x2
Natasha casts a spell.
The bat zombie hits you.
You completely miss the bat zombie.
Your tail-slap misses the bat zombie.
The bat zombie is severely damaged.
The bat zombie hits you.
The bat zombie hits you but does no damage. x2
You hit the bat zombie.
You destroy the bat zombie!
Natasha casts a spell at you. You resist with significant effort.
Natasha stares at you and mumbles some strange words.
You feel yourself slow down.
You hit Natasha.
Natasha is lightly wounded.
Natasha claws you! Natasha claws you but does no damage.
You closely miss Natasha.
Your tail-slap misses Natasha.
Natasha is lightly wounded.
Natasha closely misses you.
The crimson imp blinks!
Natasha claws you!
You hit Natasha.
Natasha is moderately wounded.
Natasha claws you.
You barely miss Natasha.
Natasha is moderately wounded.
Natasha claws you. x2
* * * LOW HITPOINT WARNING * * *
You hit Natasha. You tail-slap Natasha.
Natasha is almost dead.
Natasha completely misses you. Natasha casts a spell at you.
The magic dart hits you!
You die...

#.#.##.#
##.....##
#.#.##.#
##...##
#......#
##'##
##.#.#.## #.#
#.##)##.####
#.#
#.##...)...#
##.##
#.#####>##.#
##...##
##.###.## #
#.....#
##5h@##
##....###
#Z###
##......
#..##
#.#####...###
##..♣♣
#........##
#.ZP♣
#######.##
#♣P.P♣ #.#
♣P.P♣ #.#


♣PhP♣ ####.##### ♣P.P♣ #........# You could see Natasha, a crimson imp
(summoned) and a ball python simulacrum.

Vanquished Creatures
  A worm (D:2)
  2 dart slugs (D:1)
  A ball python (D:1)
  A bat zombie (D:2)
  2 endoplasms (D:1)
  A giant cockroach (D:1)
  3 goblins
  3 hobgoblins
  2 jackals (D:1)
  A kobold (D:1)
  3 quokkas (D:1)
  5 bats (D:1)
  A rat (D:2)
26 creatures vanquished.

Vanquished Creatures (others)
  11 withered plants (D:2)
11 creatures vanquished.

Grand Total: 37 creatures vanquished

Notes
Turn   | Place    | Note
-------+----------+-------------------------------------------
     0 | D:1      | ThatPearl the Armataur Warper began the quest for the Orb.
     0 | D:1      | Reached XP level 1. HP: 18/18 MP: 3/3
    55 | D:1      | Reached XP level 2. HP: 7/25 MP: 4/4
  1128 | D:2      | Reached XP level 3. HP: 13/31 MP: 5/5
  1236 | D:2      | Learned a level 3 spell: Vhi's Electric Charge
  1239 | D:2      | Learned a level 2 spell: Blink
  1458 | D:2      | Noticed Natasha
  1476 | D:2      | Killed from afar by Natasha

Illustrated notes

Levels and vault maps discovered:
D:1:      dpeg_arrival_arbitrary_b, layout_basic, roderic_nine_men_s_morris
D:2:      layout_loops_corners, dilly_guarded_unrand_morg

Skill      XL: |  1 |
---------------+----+-----
Long Blades    | 2 |  2.6
Fighting       | |  1.7
Throwing       | |  0.8
Armour         | |  1.2
Dodging        | |  1.3
Spellcasting   | |  1.7
Translocations | |  3.7

Action                     || total
---------------------------++-------
  Melee: Falchion          ||   108
         Tailslap          ||    13
 Armour: Leather armour    ||    61
  Dodge: Dodged            ||    55

Table legend: (Time is in decaauts)
 A = Elapsed time spent in this place.
 B = Non-inter-level travel time spent in this place.
 C = Inter-level travel time spent in this place.
 D = Time resting spent in this place.
 E = Time spent auto-exploring this place.
 F = Levels seen in this place.
 G = Mean time per level.
                   A        B        C        D        E       F      G
               +--------+--------+--------+--------+--------+-----+--------+
         Total |   1497 |   1471 |     26 |      0 |   1204 |   2 |  748.5 |
       Dungeon |   1497 |   1471 |     26 |      0 |   1204 |   2 |  748.5 |
               +--------+--------+--------+--------+--------+-----+--------+

Top non-repeatable levels by time:
     D:1: 1120 daAuts
     D:2: 377 daAuts
